 Dungeon Crawl Stone Soup version 0.20.1-1-g8b1a95d (webtiles) character file.

104 Folque the Magician (level 4, -2/29 HPs)
             Began as an Octopode Wizard on Feb 15, 2018.
             Slain by a rat (3 damage)
             ... on level 3 of the Dungeon.
             The game lasted 00:11:31 (1959 turns).

Folque the Magician (Octopode Wizard)               Turns: 1959, Time: 00:11:31

Health: -2/29      AC:  1    Str:  6    XL:     4   Next: 80%
Magic:  4/10       EV: 13    Int: 21    God:
Gold:   113        SH:  0    Dex: 10    Spells: 3/11 levels left

rFire    . . .     SeeInvis .   h - +1 mace (protect)
rCold    . . .     Gourm    .   (no shield)
rNeg     . . .     Faith    .   a - +0 hat
rPois    .         Spirit   .   (no amulet)
rElec    .         Reflect  .   (no ring)
rCorr    .         Harm     .   (no ring)
MR       .....                  (no ring)
Stlth    +++.......             (no ring)
Regen    0.1/turn               (no ring)
MPRegen  0.2/turn               (no ring)
                                (no ring)
                                (no ring)

@: about to teleport, hasted, very quick
A: almost no armour, stealthy swim, amphibious, 8 rings, constrict 8, camouflage
1, gelatinous body 1
a: no special abilities


You were on level 3 of the Dungeon.
You were not hungry.

You visited 1 branch of the dungeon, and saw 3 of its levels.

You collected 113 gold pieces.

Inventory:

Hand Weapons
 e - a +0 dagger
 h - a +1 mace of protection (weapon)
Armour
 a - a +0 hat (worn)
Jewellery
 t - a cursed ring of teleportation {unknown}
Wands
 s - a wand of acid (7/15)
 w - a wand of scattershot (6/9)
Scrolls
 g - a scroll of enchant weapon {unknown}
 k - 3 scrolls of teleportation
 l - a scroll of amnesia {unknown}
 m - a scroll of identify
 o - a scroll of noise {unknown}
 p - a scroll of immolation {unknown}
 r - a scroll of enchant armour {unknown}
 v - a scroll of recharging {unknown}
Potions
 f - a potion of might {unknown}
 i - a potion of curing {unknown}
 j - a potion of mutation {unknown}
 u - a potion of cancellation {unknown}
Books
 b - a book of Minor Magic

   Spells                             Type                      Level
   a - Magic Dart                     Conjuration                  1
   b - Blink                          Translocation                2
   c - Call Imp                       Summoning                    2
   d - Slow                           Hexes                        2
   e - Conjure Flame                  Conjuration/Fire             3
   f - Mephitic Cloud                 Conjuration/Poison/Air       3
Comestibles
 c - 3 bread rations
 d - 2 royal jellies
 q - 2 fruits


   Skills:
 - Level 2.0 Fighting
 - Level 2.0 Dodging
 - Level 2.6 Stealth
 * Level 4.0 Spellcasting
 + Level 2.3 Conjurations
 - Level 1.0 Summonings
 - Level 1.0 Translocations


You had 3 spell levels left.
You knew the following spells:

 Your Spells              Type           Power        Failure   Level  Hunger
a - Magic Dart            Conj           ##..         4%          1    None
b - Call Imp              Summ           #.......     12%         2    #......
c - Blink                 Tloc           N/A          12%         2    #......
d - Mephitic Cloud        Conj/Pois/Air  #.......     26%         3    ###....


Dungeon Overview and Level Annotations

Branches:
Dungeon (3/15)

Altars:
Gozag


Innate Abilities, Weirdness & Mutations

You cannot wear most types of armour.
You are very stealthy in the water. (Stealth+)
You are amphibious.
You can wear up to eight rings at the same time.
You can use your tentacles to constrict eight enemies at once.
Your skin changes colour to match your surroundings (Stealth+).
Your rubbery body absorbs attacks. (AC +1, EV +1)


Message History

A rat comes into view.
A hobgoblin comes into view. It is wielding a club.
You are engulfed in noxious fumes.
You choke on the stench!
You are more confused.
An adder comes into view.
The adder misses you. The adder closely misses you.
You're too confused!
You bump into the rock wall.
The orc hits you with a mace! The adder misses you.
You feel less confused. The adder bites you.
* * * LOW HITPOINT WARNING * * *
As you read the scroll of teleportation, it crumbles to dust.
You feel strangely unstable. The adder bites you.
* * * LOW HITPOINT WARNING * * *
The orc barely misses you. The adder bites you.
* * * LOW HITPOINT WARNING * * *
It was a potion of haste.
You feel yourself speed up. The rat bites you.
You die...

.... ..#.. # #...
#.#.# .# #..
..#.# .# # ...
..#.#..#
...##.###.#.#..##
........<.#))..=#
...#.....#.# ..#
#####.#o#...#
#.S@r...#
#...#...#
###.#...# #.# #o#
... ... #.#. .#.
#.... . #.# #. ..
..


You could see an adder, 2 orcs and a rat.

Vanquished Creatures
  Ijyb (D:2)
  Terence (D:2)
  2 adders (D:2)
  An ooze (D:2)
  3 leopard geckos
  3 orcs (D:3)
  7 goblins (D:2)
  2 hobgoblins (D:2)
  A quokka (D:2)
  4 bats
  2 frilled lizards
  4 kobolds
  2 rats (D:2)
33 creatures vanquished.

Vanquished Creatures (collateral kills)
  A worm (D:2)
  A rat (D:2)
2 creatures vanquished.

Grand Total: 35 creatures vanquished

Notes
Turn   | Place    | Note
-------+----------+-------------------------------------------
     0 | D:1      | Folque the Octopode Wizard began the quest for the Orb.
     0 | D:1      | Reached XP level 1. HP: 11/11 MP: 4/4
   185 | D:1      | Reached skill level 1 in Fighting
   614 | D:2      | Reached XP level 2. HP: 15/19 MP: 1/6
   618 | D:2      | Learned a level 2 spell: Call Imp
   621 | D:2      | Learned a level 2 spell: Blink
   694 | D:2      | Found an opulent altar of Gozag.
   731 | D:2      | Noticed Terence
  1052 | D:2      | Noticed Ijyb
  1052 | D:2      | Reached XP level 3. HP: 24/24 MP: 2/7
  1506 | D:2      | Learned a level 3 spell: Mephitic Cloud
  1737 | D:2      | Killed Ijyb
  1737 | D:2      | Reached XP level 4. HP: 29/29 MP: 2/9
  1802 | D:2      | Killed Terence
  1802 | D:2      | Reached skill level 4 in Spellcasting
  1958 | D:3      | HP: 1/29 [adder (4)]
  1959 | D:3      | Slain by a rat

Skill      XL: |  1  2  3  4 |
---------------+-------------+-----
Fighting       | 1 2 |  2.0
Conjurations   | 2 |  2.3
Spellcasting   | 4 |  4.0
Dodging        | |  2.0
Stealth        | |  2.6
Summonings     | |  1.0
Translocations | |  1.0

Action                   |  1- 3 |  4- 6 || total
-------------------------+-------+-------++-------
Melee: Unarmed           |     4 |       ||     4
       Dagger            |    23 |    18 ||    41
       Constrict         |     7 |     8 ||    15
       Tentacles         |     6 |     4 ||    10
       Mace              |       |     3 ||     3
Throw: Throwing net      |       |     1 ||     1
 Cast: Magic Dart        |    40 |     6 ||    46
       Call Imp          |     7 |       ||     7
       Mephitic Cloud    |     1 |     4 ||     5
  Use: Scroll            |     2 |     1 ||     3
       Potion            |       |     1 ||     1
 Stab: Sleeping          |     2 |       ||     2
       Confused          |       |     3 ||     3
  Eat: Chunk             |     3 |     1 ||     4
Armor: Skin              |     6 |     2 ||     8
Dodge: Dodged            |    16 |    13 ||    29
